 Dungeon Crawl Stone Soup version 0.26.1-2-gb8aa6d0cf2 (webtiles) character file.

Game seed: 9373880460430689032

1137 hawla the Conjurer (level 8, 0/41 HPs)
             Began as a Deep Elf Conjurer on Feb 16, 2021.
             Was a Follower of Vehumet.
             Slain by a wyvern (18 damage)
             ... on level 6 of the Dungeon.
             The game lasted 00:14:37 (6445 turns).

hawla the Conjurer (Deep Elf Conjurer)              Turns: 6445, Time: 00:14:38

Health: 0/41       AC:  6    Str:  4    XL:     8   Next: 14%
Magic:  10/19      EV: 13    Int: 26    God:    Vehumet [*.....]
Gold:   246        SH:  0    Dex: 13    Spells: 11/19 levels left

rFire    . . .     SeeInvis .   t - +0 quarterstaff
rCold    + . .     Faith    .   (shield currently unavailable)
rNeg     . . .     Spirit   .   a - +1 robe
rPois    .         Reflect  .   (no helmet)
rElec    .         Harm     .   (no cloak)
rCorr    .         Rampage  .   w - +1 pair of gloves
Will     .....                  j - +0 pair of boots
Stlth    ++........             (no amulet)
HPRegen  0.13/turn              o - ring of protection from cold
MPRegen  0.16/turn              (no ring)

@: no status effects
A: no striking features
a: Renounce Religion


You were on level 6 of the Dungeon.
You worshipped Vehumet.
Vehumet was aware of your devotion.
You visited 2 branches of the dungeon, and saw 7 of its levels.

You collected 246 gold pieces.

Inventory:

Hand Weapons
 t - a +0 quarterstaff (weapon)
Missiles
 g - 4 silver javelins (quivered)
 v - 5 atropa-tipped darts
Armour
 a - a +1 robe (worn)
 j - a +0 pair of boots (worn)
 r - a +0 buckler
 w - a +1 pair of gloves (worn)
Jewellery
 o - a ring of protection from cold (left hand)
 s - an uncursed amulet of faith {unknown}
Wands
 q - a wand of digging (4)
Scrolls
 i - a scroll of amnesia
 k - 2 scrolls of magic mapping
 m - a scroll of fear
 n - a scroll of teleportation
Potions
 b - 2 potions of heal wounds
 c - a potion of brilliance
 d - 2 potions of flight
 e - a potion of curing
 f - a potion of lignification
 h - 3 potions of might
 l - a potion of haste
 p - a potion of cancellation


   Skills:
 + Level 1.8 Staves
 - Level 3.0 Dodging
 - Level 2.4 Stealth
 + Level 2.2 Shields
 - Level 6.0 Spellcasting
 + Level 7.5 Conjurations
 - Level 3.1 Translocations
 + Level 4.6 Fire Magic


You had 11 spell levels left.
You knew the following spells:

 Your Spells              Type           Power        Failure   Level
a - Magic Dart            Conj           100%         1%          1
b - Searing Ray           Conj           92%          1%          2
c - Iskenderun's Mystic   Conj/Tloc      35%          8%          4
d - Apportation           Tloc           48%          1%          1

Your spell library contained the following spells:

 Spells                   Type           Power        Failure   Level
 Freeze                   Ice            28%          7%          1
 Dazzling Flash           Conj/Hex       54%          4%          3
 Animate Skeleton         Necr           14%          7%          1
 Corona                   Hex            7%           7%          1
 Summon Small Mammal      Summ           28%          7%          1
 Fulminant Prism          Conj/Hex       13%          14%         4


Dungeon Overview and Level Annotations

Branches:
Dungeon (6/15)             Temple (1/1) D:4

Altars:
Cheibriados
Dithmenos
Elyvilon
Fedhas
Kikubaaqudgha
Makhleb
Nemelex Xobeh
Okawaru
Sif Muna
Trog
Vehumet
Xom
Yredelemnul


Message History

You erupt in a blast of force!
The mystic blast hits the wyvern!
The wyvern is moderately wounded.
The wyvern is knocked back by the mystic blast.
The mystic blast hits the adder!
You kill the adder!
Vehumet accepts your kill.
You feel your power returning.
Casting: Iskenderun's Mystic Blast (quite dangerous; 8% risk of failure)
Confirm with . or Enter, or press ? or * to list all spells.
Aiming: Searing Ray (safe; 1% risk of failure)
Press: ? - help, Shift-Dir - straight line, f/p - wyvern
Aim: a wyvern (moderately wounded, 18% to evade)
The searing ray hits the wyvern.
The wyvern is heavily wounded. (Press . to maintain the ray.)
The wyvern closely misses you.
The searing ray hits the wyvern!
The wyvern is severely wounded.
The wyvern bites you! The wyvern bites you!!
You die...

...........##...##.###
........#####...##.#
....#########...##.#
....# #.........##.#
#+### #.######..##.#
#.#####.# ##.##.#
........# #..#.#
#.†....## #..#
#......# #.@# .†.....#
#.l[.# .......# #...?#
.......# ###..#
....[### .>. .....#
#.#. .....# .#..
.....# .# ## .....#


You could see a wyvern.

Vanquished Creatures
  A wyvern (D:5)
  Menkaure (D:6)
  2 centaurs (D:5)
  A scorpion (D:2)
  A bullfrog zombie (D:5)
  An orc priest (D:3)
  A centaur skeleton (D:4)
  2 orc wizards
  A bullfrog skeleton (D:4)
  2 hounds
  Ijyb (D:3)
  Jessica (D:2)
  An iguana (D:4)
  5 worker ants
  9 adders
  A howler monkey skeleton (D:5)
  A shadow imp (D:5)
  A white imp (D:4)
  An ufetubus (D:5)
  3 worms
  4 dart slugs
  2 leopard geckos
  17 orcs
  3 ball pythons
  6 giant cockroaches
  6 goblins
  5 hobgoblins
  6 jackals
  5 kobolds
  8 bats
  8 frilled lizards
  A leopard gecko skeleton (D:4)
  7 rats
115 creatures vanquished.

Vanquished Creatures (others)
  A quokka (D:3)
  A bat (D:3)
  6 plants (D:2)
8 creatures vanquished.

Grand Total: 123 creatures vanquished

Notes
Turn   | Place    | Note
-------+----------+-------------------------------------------
     0 | D:1      | hawla the Deep Elf Conjurer began the quest for the Orb.
     0 | D:1      | Reached XP level 1. HP: 10/10 MP: 6/6
   370 | D:1      | Reached XP level 2. HP: 15/15 MP: 6/8
   630 | D:1      | Reached skill level 1 in Fire Magic
   728 | D:1      | Learned a level 2 spell: Searing Ray
  1154 | D:2      | Found a sparkling altar of Nemelex Xobeh.
  1214 | D:2      | Reached XP level 3. HP: 19/19 MP: 8/10
  1403 | D:2      | Reached skill level 5 in Conjurations
  1442 | D:2      | Reached XP level 4. HP: 24/24 MP: 8/12
  1447 | D:2      | Learned a level 4 spell: Iskenderun's Mystic Blast
  1596 | D:2      | Reached skill level 1 in Translocations
  1596 | D:2      | Reached XP level 5. HP: 12/28 MP: 5/13
  1870 | D:2      | Found a shadowy altar of Dithmenos.
  2170 | D:2      | Noticed Jessica
  2174 | D:2      | Killed Jessica
  2229 | D:2      | Found a faded altar of an unknown god.
  2624 | D:3      | Found a radiant altar of Vehumet.
  2640 | D:3      | Became a worshipper of Vehumet
  2783 | D:3      | Reached XP level 6. HP: 32/32 MP: 0/15
  2792 | D:3      | Noticed Ijyb
  2924 | D:3      | Killed Ijyb
  2925 | D:3      | Reached skill level 6 in Conjurations
  3224 | D:4      | Reached skill level 5 in Spellcasting
  3667 | D:4      | Found a staircase to the Ecumenical Temple.
  3687 | Temple   | Entered the Ecumenical Temple
  4402 | D:4      | Reached XP level 7. HP: 33/36 MP: 12/17
  4635 | D:5      | Entered Level 5 of the Dungeon
  4649 | D:5      | Reached * piety under Vehumet
  4649 | D:5      | Offered knowledge of Freeze by Vehumet.
  4699 | D:5      | Reached skill level 1 in Shields
  5004 | D:5      | Reached skill level 7 in Conjurations
  5338 | D:5      | Found a snail-covered altar of Cheibriados.
  5399 | D:5      | Noticed a wyvern
  5406 | D:5      | Killed a wyvern
  5407 | D:5      | Reached skill level 1 in Staves
  5562 | D:5      | Learned a level 1 spell: Apportation
  6214 | D:6      | Noticed Menkaure
  6217 | D:6      | Killed Menkaure
  6218 | D:6      | Reached XP level 8. HP: 41/41 MP: 15/19
  6445 | D:6      | Slain by a wyvern

Illustrated notes

Levels and vault maps discovered:
D:1:      dpeg_arrival_three_smaller_balls, layout_loops_ring
D:2:      layout_basic, nicolae_dithmenos_through_a_glass_darkly,
          nicolae_overflow_crystal_walls, chequers_ecumenical_altar_lobes,
          uniq_jessica
D:3:      layout_rooms, fiery_altar_vehumet, uniq_ijyb
D:4:      layout_loops_cross, temple_fountains, kennysheep_generic_room_8
D:5:      layout_basic, serial_curves, eino_curves_04, eino_curves_04,
          eino_curves_04, eino_curves_04, cheibriados_altar_1
D:6:      layout_basic, amethyst_overflow_temple_binary, minivault_26,
          uniq_menkaure, uniq_pikel
Temple:   eino_temple_lava

Skill      XL: |  1  2  3  4  5  6  7 |
---------------+----------------------+-----
Fire Magic     | 1 2 3 4 |  4.6
Dodging        | 3 |  3.0
Spellcasting   | 4 5 6 |  6.0
Conjurations   | 5 6 7 |  7.5
Translocations | 1 2 3 |  3.1
Shields        | 2 |  2.2
Staves         | 1 |  1.8
Stealth        | |  2.4

Action                   |  1- 3 |  4- 6 |  7- 9 || total
-------------------------+-------+-------+-------++-------
Melee: Quarterstaff      |       |       |     1 ||     1
       Unarmed           |       |       |     1 ||     1
Throw: Javelin           |       |     2 |       ||     2
 Cast: Magic Dart        |    43 |    28 |    12 ||    83
       Searing Ray       |     8 |    39 |    23 ||    70
       Iskenderun's Myst |       |       |     6 ||     6
  Use: Potion            |       |     2 |       ||     2
       Scroll            |       |    11 |     7 ||    18
Armor: Robe              |       |     3 |     5 ||     8
Dodge: Dodged            |     2 |    13 |    17 ||    32
